 Dungeon Crawl Stone Soup version 0.31-a0-277-g31ea1f65cc (webtiles) character file.

Game seed: 10778830207388978816

328 HallandMoats the Trooper (level 6, -7/51 HPs)
             Began as a Formicid Monk on July 15, 2023.
             Mangled by an iguana (11 damage)
             ... on level 4 of the Dungeon.
             The game lasted 00:03:52 (2987 turns).

HallandMoats the Trooper (Formicid Monk)            Turns: 2987, Time: 00:03:53

Health: -7/51      AC:  3    Str: 18    XL:     6   Next: 80%
Magic:  6/6        EV: 13    Int:  9    God:
Gold:   130        SH:  0    Dex: 16    Spells: 5/5 levels left

rFire   . . .        a - +0 hand axe
rCold   + . .        d - orb {light}
rNeg    . . .        b - +0 robe
rPois   +            (helmet unavailable)
rElec   .            q - +0 cloak
rCorr   .            (no gloves)
SInv    +            (no boots)
Will    .....        (no amulet)
Stlth   +            k - ring of poison resistance
HPRegen 0.28/turn    l - ring of protection from cold
MPRegen 0.10/turn

%: no passive effects
@: glowing
A: permanent stasis, dig shafts and tunnels, antennae 3, four strong arms
a: Dig, Shaft Self


You were on level 4 of the Dungeon.
You visited 1 branch of the dungeon, and saw 4 of its levels.

You collected 130 gold pieces.

Inventory:

Hand Weapons
 a - a +0 hand axe (weapon)
Armour
 b - a +0 robe (worn)
 d - an orb of light (worn)
 q - a +0 cloak (worn)
Jewellery
 k - a ring of poison resistance (left hand)
 l - a ring of protection from cold (right hand)
 n - a ring of magical power
Wands
 o - a wand of flame (5)
Scrolls
 g - 3 scrolls of identify {unknown}
 i - 3 scrolls of noise {unknown}
 j - 2 scrolls of blinking {unknown}
 m - a scroll of teleportation {unknown}
 p - a scroll of fog {unknown}
 s - a scroll of amnesia {unknown}
Potions
 c - a potion of ambrosia
 e - a potion of enlightenment {unknown}
 f - a potion of attraction {unknown}
 h - a potion of curing {unknown}
 r - a potion of brilliance {unknown}


   Skills:
 * Level 5.2 Fighting
 + Level 3.9 Axes
 + Level 2.5 Armour
 + Level 3.5 Dodging
 + Level 3.0 Shields


You had 5 spell levels left.
You didn't know any spells.
Your spell library was empty.

Dungeon Overview and Level Annotations

Branches:
Dungeon (4/15)
 Temple: D:4-7

Altars:


Innate Abilities, Weirdness & Mutations

You cannot be hasted, slowed, berserked, paralysed or teleported.
You can dig through walls and to a lower floor.
You have a pair of large antennae on your head. (SInv)
Your four strong arms can wield two-handed weapons with a shield.


Message History

There is an open door here.
There are monsters nearby!
There are monsters nearby!
There are monsters nearby!
The hound bites you.
You hit the hound.
The hound is lightly wounded.
The hound bites you. The hound barely misses you.
You barely miss the hound.
The hound is lightly wounded.
The hound misses you.
You closely miss the hound.
The hound is lightly wounded.
You hit the iguana but do no damage. The hound completely misses you.
The iguana barely misses you. The hound barely misses you.
The iguana bites you.
You hit the hound but do no damage.
The hound is lightly wounded.
You hit the iguana but do no damage. The hound closely misses you.
The hound completely misses you. The iguana bites you!
You hit the hound.
The hound is moderately wounded.
You hit the iguana. The hound bites you. The iguana closely misses you.
You hit the hound.
The hound is moderately wounded.
You hit the iguana but do no damage. The hound bites you. x2
The iguana bites you.
You completely miss the hound.
The hound is moderately wounded.
You hit the iguana. The hound closely misses you. The iguana bites you.
The hound bites you but does no damage.
You hit the hound.
The hound is heavily wounded.
You hit the iguana. The hound bites you. The iguana bites you!
* * * LOW HITPOINT WARNING * * *
The hound misses you.
There is an open door here.
The iguana attacks as you move away! The iguana barely misses you.
The iguana attacks as you move away! The iguana bites you!
You die...

###...##.##....##.###
##...#..#..#..#..#..#
...####.##.##....##.##
.###..#..#..'..###...#
##(.[.##.##.####...#'#
.#.[#..#..#..#...###.#
.##....##.##...###...##
..#..#'#...#.###...#..#
#.####...#####..@####.##
#..#...###.#...#l#..#..#
##...###...##.##.h..##.##########
#.###...#..#..#..#..#..#......<.
#'#...####.##.##.. .##.##.######
#...###†.'..#..#..###.....#
##.##....##.##.####...#####
#..#..#..#††#..#...### {
##.##....##.##...###


You could see an iguana and a hound.

Vanquished Creatures
  Menkaure (D:4)
  A hound (D:4)
  Natasha (thrice) (D:2)
  3 adders
  An orc (D:3)
  9 ball pythons
  6 bats
  6 endoplasms
  3 giant cockroaches
  7 goblins
  8 hobgoblins
  2 jackals (D:4)
  5 kobolds
  A quokka (D:2)
  6 frilled lizards
  3 rats
65 creatures vanquished.

Notes
Turn   | Place    | Note
-------+----------+-------------------------------------------
     0 | D:1      | HallandMoats the Formicid Monk began the quest for the Orb.
     0 | D:1      | Reached XP level 1. HP: 18/18 MP: 1/1
   175 | D:1      | Reached XP level 2. HP: 24/24 MP: 2/2
   487 | D:1      | Reached skill level 1 in Shields
   495 | D:1      | Reached XP level 3. HP: 12/29 MP: 3/3
  1032 | D:2      | Identified the +3 great mace of Spite {heavy, *Slow rElec
                  | rF++}
  1387 | D:2      | Noticed Natasha
  1392 | D:2      | Killed Natasha
  1393 | D:2      | Reached skill level 4 in Fighting
  1393 | D:2      | Reached skill level 1 in Armour
  1393 | D:2      | Reached XP level 4. HP: 34/37 MP: 4/4
  1539 | D:2      | Noticed Natasha
  1546 | D:2      | Killed Natasha
  1547 | D:2      | Reached XP level 5. HP: 36/42 MP: 5/5
  1666 | D:2      | Noticed Natasha
  1674 | D:2      | Killed Natasha
  2244 | D:3      | Found a faded altar of an unknown god.
  2815 | D:4      | Reached XP level 6. HP: 47/49 MP: 6/6
  2890 | D:4      | Noticed Menkaure
  2898 | D:4      | Killed Menkaure
  2899 | D:4      | Reached skill level 5 in Fighting
  2987 | D:4      | Mangled by an iguana

Illustrated notes

Levels and vault maps discovered:
D:1:      elethiomel_arrival_infinity_welcomes_careful_drivers, layout_basic
D:2:      minmay_diamond_boxcup, layout_loops_ring, uniq_natasha
D:3:      layout_loops_cross, hellmonk_ecumenical_altar_run_dry,
          grunt_ministairs_5, grunt_decor_junction, skrybe_limestone_x
D:4:      minmay_skewed_foursquare, layout_loops_ring, uniq_ijyb,
          uniq_blork_the_orc, uniq_menkaure

Skill      XL: |  1  2  3  4  5  6 |
---------------+-------------------+-----
Shields        | 1 2 3 |  3.0
Dodging        | 3 |  3.5
Fighting       | 4 5 |  5.2
Armour         | 1 2 |  2.5
Axes           | |  3.9

Action                     |  1- 3 |  4- 6 || total
---------------------------+-------+-------++-------
  Melee: Hand axe          |    83 |    86 ||   169
 Armour: Robe              |    13 |    12 ||    25
  Dodge: Dodged            |    64 |    70 ||   134

Table legend: (Time is in decaauts)
 A = Elapsed time spent in this place.
 B = Non-inter-level travel time spent in this place.
 C = Inter-level travel time spent in this place.
 D = Time resting spent in this place.
 E = Time spent auto-exploring this place.
 F = Levels seen in this place.
 G = Mean time per level.
                   A        B        C        D        E       F      G
               +--------+--------+--------+--------+--------+-----+--------+
         Total |   3008 |   2887 |    121 |     73 |   2276 |   4 |  752.0 |
       Dungeon |   3008 |   2887 |    121 |     73 |   2276 |   4 |  752.0 |
               +--------+--------+--------+--------+--------+-----+--------+

Top non-repeatable levels by time:
     D:1: 1002 daAuts
     D:2: 882 daAuts
     D:3: 750 daAuts
     D:4: 373 daAuts
